 Dungeon Crawl Stone Soup version 0.19.1 (webtiles) character file.

270 Monsterracer the Ruffian (level 6, -2/59 HPs)
             Began as a Troll Monk on Dec 14, 2016.
             Killed from afar by markt42's ghost (8 damage)
             ... with a spray of energy
             ... on level 4 of the Dungeon.
             The game lasted 00:06:38 (2039 turns).

Monsterracer the Ruffian (Troll Monk)               Turns: 2039, Time: 00:06:39

Health: -2/59      AC:  6    Str: 21    XL:     6   Next: 1%
Magic:  14/14      EV:  7    Int:  6    God:
Gold:   114        SH:  0    Dex: 13    Spells: 0 memorised, 5 levels left

rFire  . . .     SeeInvis .       - Unarmed
rCold  . . .     Gourm    +     a - +0 robe
rNeg   . . .     Faith    .     m - +0 shield
rPois  .         Spirit   .     (helmet restricted)
rElec  .         Reflect  .     d - +0 cloak
rCorr  .         Harm     .     (gloves unavailable)
MR     .....                    (boots unavailable)
Stlth  +.........               l - amulet of regeneration
                                (no ring)
                                j - ring of magical power

@: confused
A: unfitting armour, claws 3, fast metabolism 3, gourmand, regeneration 1,
shaggy fur 1, tough skin 2
a: no special abilities


You were on level 4 of the Dungeon.
You were not hungry.

You visited 1 branch of the dungeon, and saw 4 of its levels.

You collected 114 gold pieces.

Inventory:

Armour
 a - a +0 robe (worn)
 d - a +0 cloak (worn)
 m - a +0 shield (worn)
Jewellery
 j - a ring of magical power (left claw)
 l - an amulet of regeneration (around neck)
Scrolls
 c - 3 scrolls of remove curse {unknown}
 e - a scroll of random uselessness {unknown}
 f - a scroll of fear {unknown}
 i - 2 scrolls of identify {unknown}
 k - 2 scrolls of teleportation {unknown}
 n - a scroll of immolation {unknown}
 o - a scroll of recharging {unknown}
Comestibles
 b - 5 bread rations
 g - 6 fruits
 h - a meat ration


   Skills:
 + Level 2.6 Fighting
 + Level 2.6 Dodging
 - Level 1.0 Stealth
 * Level 6.5 Unarmed Combat


You had 5 spell levels left.
You didn't know any spells.

Dungeon Overview and Level Annotations

Branches:
Dungeon (4/15)
 Temple: D:4-7

Altars:
Ashenzari
Ru

Annotations:
D:4 markt42's ghost, amateur DECj


Innate Abilities, Weirdness & Mutations

You are too large for most types of armour.
You have claws for hands.
Your metabolism is lightning-fast.
You like to eat raw meat.
Your natural rate of healing is unusually fast.
You are covered in fur. (AC +1)
You have very tough skin. (AC +2)


Message History

You bump into the rock wall.
Markt42's ghost casts a spell at you. The spray of energy misses you.
Markt42's ghost barely misses you.
You're too confused to move!
Markt42's ghost hits you but does no damage.
You bump into the rock wall.
Markt42's ghost casts a spell at you. The magic dart hits you!
* * * LOW HITPOINT WARNING * * *
You bump into the rock wall.
Markt42's ghost hits you.
* * * LOW HITPOINT WARNING * * *
You barely miss markt42's ghost.
Markt42's ghost is severely damaged.
Markt42's ghost barely misses you.
The frilled lizard bites you but does no damage.
You bump into the rock wall.
Markt42's ghost gestures at you while chanting.
The spray of energy hits you!
You die...

... #. .... ...###...
.... ........ .....
##...... .....
........ ......
#......#######......
...........l........
.#.....W@(#.#..
.#######..#.###.......
.......<..#...#.....##
########..#.###.....#
...#.# .....# ....#.#
.....# .....#.. .....#
......#.. .....#
.....#..


You could see markt42's ghost and a frilled lizard.

Vanquished Creatures
  The ghost of Philosophy the Shield-Bearer, an amateur FoFi (D:3)
  A scorpion (D:3)
  2 adders (D:2)
  2 oozes
  A worm (D:2)
  A leopard gecko (D:1)
  2 orcs (D:3)
  A ball python (D:2)
  3 giant cockroaches
  8 goblins
  9 hobgoblins
  3 jackals (D:3)
  5 kobolds (D:1)
  7 bats
  5 frilled lizards
  5 rats
56 creatures vanquished.

Notes
Turn   | Place    | Note
-------+----------+-------------------------------------------
     0 | D:1      | Monsterracer the Troll Monk began the quest for the Orb.
     0 | D:1      | Reached XP level 1. HP: 22/22 MP: 0/0
   117 | D:1      | Reached XP level 2. HP: 29/29 MP: 1/1
   908 | D:2      | Reached skill level 4 in Unarmed Combat
   910 | D:2      | Reached XP level 3. HP: 25/36 MP: 2/2
  1367 | D:2      | Found a shattered altar of Ashenzari.
  1561 | D:3      | Reached XP level 4. HP: 44/44 MP: 3/3
  1577 | D:3      | Reached skill level 5 in Unarmed Combat
  1736 | D:3      | Noticed Philosophy's ghost (amateur FoFi)
  1740 | D:3      | Found a sacrificial altar of Ru.
  1796 | D:3      | Killed Philosophy's ghost
  1796 | D:3      | Reached skill level 6 in Unarmed Combat
  1796 | D:3      | Reached XP level 5. HP: 33/50 MP: 4/4
  1897 | D:3      | Reached XP level 6. HP: 59/59 MP: 5/5
  2015 | D:4      | Noticed markt42's ghost (amateur DECj)
  2039 | D:4      | Killed from afar by markt42's ghost

Skill      XL: |  1  2  3  4 |
---------------+-------------+-----
Unarmed Combat | 4 6 |  6.5
Fighting       | |  2.6
Dodging        | |  2.6
Stealth        | |  1.0

Action                   |  1- 3 |  4- 6 || total
-------------------------+-------+-------++-------
Melee: Unarmed           |    85 |    42 ||   127
       Punch             |     3 |       ||     3
  Use: Potion            |     6 |       ||     6
 Stab: Sleeping          |     4 |       ||     4
  Eat: Chunk             |    16 |     1 ||    17
       Fruit             |     1 |       ||     1
Armor: Robe              |    33 |    13 ||    46
Dodge: Dodged            |    31 |    14 ||    45
Block: Shield            |       |    12 ||    12
